 Dungeon Crawl Stone Soup version 0.24-a0-479-g9a978d2894 (webtiles) character file.

Game seed: 3811696268445130427

1587 Elric the Skirmisher (level 8, -6/88 HPs)
             Began as an Ogre Transmuter on July 6, 2019.
             Was an Initiate of Okawaru.
             Shot with a sling bullet by Joseph (16 damage)
             ... on level 7 of the Dungeon.
             The game lasted 00:11:31 (6885 turns).

Elric the Skirmisher (Ogre Transmuter)              Turns: 6885, Time: 00:11:31

Health: -6/88      AC:  4    Str: 16    XL:     8   Next: 92%
Magic:  12/14      EV: 11    Int: 15    God:    Okawaru [......]
Gold:   149        SH:  0    Dex:  9    Spells: 9/15 levels left

rFire    . . .     SeeInvis .     - Unarmed
rCold    . . .     Gourm    .   (no shield)
rNeg     . . .     Faith    .   b - +0 robe
rPois    +         Spirit   .   (helmet restricted)
rElec    .         Reflect  .   l - +0 cloak
rCorr    .         Harm     .   (gloves unavailable)
MR       +....                  (boots unavailable)
Stlth    +.........             x - amulet of regeneration
HPRegen  0.64/turn              k - ring of poison resistance
MPRegen  0.14/turn              y - ring of protection from magic

@: no status effects
A: large, unfitting armour, tough skin 1
a: Renounce Religion


You were on level 7 of the Dungeon.
You worshipped Okawaru.
Okawaru was noncommittal.
You were not hungry.

You visited 1 branch of the dungeon, and saw 7 of its levels.

You collected 437 gold pieces.
You spent 288 gold pieces at shops.

Inventory:

Missiles
 a - 83 arrows
Armour
 b - a +0 robe (worn)
 l - a +0 cloak (worn)
Jewellery
 k - a ring of poison resistance (left hand)
 v - an uncursed ring of stealth
 x - an amulet of regeneration (around neck)
 y - a ring of protection from magic (right hand)
Wands
 j - a wand of clouds (15)
 o - a wand of polymorph (5)
 C - a wand of digging (9)
 E - a wand of flame (24)
 F - a wand of disintegration (14)
Scrolls
 c - 7 scrolls of teleportation
 e - 2 scrolls of fear
 f - a scroll of enchant weapon {unknown}
 g - 3 scrolls of enchant armour {unknown}
 i - 5 scrolls of identify
 n - a scroll of amnesia {unknown}
 t - a scroll of immolation {unknown}
 u - a scroll of blinking {unknown}
 B - 4 scrolls of remove curse {unknown}
Potions
 h - 2 potions of agility {unknown}
 m - a potion of haste
 p - a potion of resistance {unknown}
 q - a potion of flight {unknown}
 r - 2 potions of heal wounds {unknown}
 s - a potion of curing {unknown}
 w - a potion of lignification {unknown}
 z - a potion of degeneration {unknown}
 A - 2 potions of brilliance {unknown}
 D - a potion of might {unknown}
Comestibles
 d - 9 rations


   Skills:
 + Level 7.7 Fighting
 - Level 5.0 Dodging
 + Level 4.9 Unarmed Combat
 - Level 4.0 Spellcasting
 + Level 4.4 Transmutations
 - Level 2.1 Poison Magic


You had 9 spell levels left.
You knew the following spells:

 Your Spells              Type           Power        Failure   Level  Hunger
a - Beastly Appendage     Tmut           ###...       3%          1    None
b - Sticks to Snakes      Tmut           ###.....     4%          2    ##.....
c - Spider Form           Tmut/Pois      ##........   14%         3    ###....

Your spell library contained the following spells:

 Spells                   Type           Power        Failure   Level  Hunger
 Animate Skeleton         Necr           N/A          19%         1    None
 Apportation              Tloc           #.....       19%         1    None
 Confusing Touch          Hex            #.....       19%         1    None
 Summon Small Mammal      Summ           #...         19%         1    None
 Ice Form                 Ice/Tmut       #.......     58%         4    ####...
 Blade Hands              Tmut           ###.......   63%         5    ######.
 Poison Arrow             Conj/Pois      #.........   100%        6    #######
 Chain Lightning          Conj/Air       #.........   100%        8    #######
 Lehudib's Crystal Spear  Conj/Erth      #.........   100%        8    #######
 Fire Storm               Conj/Fire      #.........   100%        9    #######
 Glaciate                 Conj/Ice       #.........   100%        9    #######


Dungeon Overview and Level Annotations

Branches:
Dungeon (7/15)             Temple (0/1) D:5

Altars:
Cheibriados
Elyvilon
Kikubaaqudgha
Nemelex Xobeh
Okawaru
Vehumet
Wu Jian
Yredelemnul

Shops:
D:4 *

Annotations:
D:7 exclusion: statue, Joseph


Innate Abilities, Weirdness & Mutations

You are too large for most types of armour.
You have tough skin. (AC +1)


Message History

You bite Joseph!
Joseph is severely wounded.
Joseph hits you with a +0 quarterstaff!
You hit Joseph.
Joseph looks as sick as possible!
Joseph is severely wounded.
You bite Joseph!
Joseph looks as sick as possible!
Joseph is severely wounded.
Your transformation has ended.
Your +0 cloak unmelds from your body.
Your +0 robe unmelds from your body.
Joseph hits you with a +0 quarterstaff.
* * * LOW HITPOINT WARNING * * *
You hit Joseph but do no damage.
Joseph is almost dead.
Joseph hits you with a +0 quarterstaff!!
* * * LOW HITPOINT WARNING * * *
Okay, then.
Joseph unwields a +0 quarterstaff.
Joseph wields a +0 hunting sling.
Joseph shoots a sling bullet.
The sling bullet barely misses you.
Joseph shoots a sling bullet.
The sling bullet hits you!
You die...

#.#####.# #######.#
#..(#####
........###.#.....#
######............#
#..#########..#
###########..# ......#.##
#.......[(..)# 8._.....#
.............# #.#
#....@....#########.#
#...................# #
#.@......###.......>#
#@..###.................#.#
.._....(...###.....####.#.#
#...######## #..........#.#
## #..........#.#
##..........#.#
#..........##.##


You could see Joseph.

Vanquished Creatures
  Sigmund (D:2)
  2 sky beasts
  4 ogres
  A centaur (D:7)
  2 big kobolds (D:4)
  A water moccasin skeleton (D:5)
  A quasit (D:7)
  A jelly (D:5)
  3 hounds
  An orc wizard (D:4)
  A bullfrog skeleton (D:6)
  An orc priest (D:4)
  An iguana (D:6)
  Natasha (thrice) (D:2)
  3 worker ants
  2 hound skeletons
  A howler monkey skeleton (D:7)
  6 adders
  3 worms
  4 dart slugs
  3 leopard geckos
  19 orcs
  4 giant cockroaches
  2 gnoll zombies (D:6)
  7 goblins
  12 hobgoblins
  7 jackals
  13 kobolds
  5 quokkas
  3 ball pythons
  A ball python skeleton (D:4)
  4 bats
  2 frilled lizards
  2 giant cockroach zombies (D:5)
  8 rats
134 creatures vanquished.

Vanquished Creatures (collateral kills)
  Jessica (D:2)
  A hobgoblin (D:2)
2 creatures vanquished.

Grand Total: 136 creatures vanquished

Notes
Turn   | Place    | Note
-------+----------+-------------------------------------------
     0 | D:1      | Elric the Ogre Transmuter began the quest for the Orb.
     0 | D:1      | Reached XP level 1. HP: 19/19 MP: 3/3
    84 | D:1      | Reached skill level 2 in Fighting
    84 | D:1      | Reached XP level 2. HP: 19/28 MP: 3/5
   753 | D:1      | Learned a level 2 spell: Sticks to Snakes
   779 | D:1      | Reached XP level 3. HP: 33/36 MP: 3/6
  1075 | D:2      | Noticed Jessica
  1131 | D:2      | Killed Jessica
  1131 | D:2      | Reached skill level 3 in Fighting
  1177 | D:1      | Learned a level 3 spell: Spider Form
  1254 | D:2      | Reached XP level 4. HP: 39/45 MP: 5/7
  1291 | D:2      | Noticed Sigmund
  1310 | D:2      | Killed Sigmund
  1310 | D:2      | Reached XP level 5. HP: 35/54 MP: 1/8
  1585 | D:2      | Reached skill level 4 in Fighting
  1622 | D:2      | Noticed Natasha
  1637 | D:2      | Killed Natasha
  1637 | D:2      | Reached XP level 6. HP: 23/62 MP: 6/9
  1882 | D:2      | Noticed Natasha
  1896 | D:2      | Killed Natasha
  1897 | D:2      | Noticed Natasha
  1906 | D:2      | Killed Natasha
  2638 | D:3      | Found an ornate altar of the Wu Jian Council.
  2782 | D:3      | Found a sparkling altar of Nemelex Xobeh.
  3070 | D:4      | Reached skill level 5 in Fighting
  3070 | D:4      | Reached XP level 7. HP: 44/72 MP: 7/10
  4487 | D:4      | Found Yco Wyts's Assorted Antiques.
  4493 | D:4      | Bought a dented bronze amulet for 120 gold pieces
  4493 | D:4      | Bought an ivory ring for 120 gold pieces
  4493 | D:4      | Bought a scroll of identify for 48 gold pieces
  4781 | D:5      | Entered Level 5 of the Dungeon
  4926 | D:5      | Found an iron altar of Okawaru.
  4994 | D:5      | Became a worshipper of Warmaster Okawaru
  5169 | D:5      | Found a staircase to the Ecumenical Temple.
  5513 | D:5      | Reached XP level 8. HP: 60/80 MP: 11/14
  6008 | D:6      | Reached skill level 6 in Fighting
  6073 | D:6      | Reached skill level 5 in Dodging
  6093 | D:6      | Found an ancient bone altar of Kikubaaqudgha.
  6254 | D:6      | Reached skill level 7 in Fighting
  6363 | D:6      | Found a snail-covered altar of Cheibriados.
  6573 | D:6      | Found a basalt altar of Yredelemnul.
  6839 | D:7      | Found a radiant altar of Vehumet.
  6858 | D:7      | Found a white marble altar of Elyvilon.
  6862 | D:7      | Noticed Joseph
  6885 | D:7      | Shot with a sling bullet by Joseph

Levels and vault maps discovered:
D:1:      lightli_arrival_statuegarden, layout_basic
D:2:      layout_loops_ring, first_ration, uniq_sigmund, uniq_natasha,
          uniq_jessica
D:3:      layout_rooms, marbit_many_paths, nemelex_lonely_heart_becter
D:4:      cheibrodos_thug_alley, layout_basic, serial_shops,
          nicolae_shop_waterfront
D:5:      layout_basic, okawaru_ov_weapons_minmay, minmay_temple_entry_crystal_x
D:6:      layout_cave_pods, lemuel_zombie_altar_yredelemnul,
          kiku_gazebo_pond_becter, minmay_misc_feat_nine_boxes,
          kennysheep_slug_shrine
D:7:      layout_basic, nicolae_overflow_crystal_walls, vehumet_statue,
          lemuel_coloured_pillars_altar, basic_altar, uniq_joseph, uniq_harold

Skill      XL: |  1  2  3  4  5  6  7  8 |
---------------+-------------------------+-----
Transmutations | 2 3 4 |  4.4
Fighting       | 2 3 4 5 7 |  7.7
Unarmed Combat | 3 4 |  4.9
Poison Magic   | 2 |  2.1
Dodging        | 4 5 |  5.0
Spellcasting   | 4 |  4.0

Action                   |  1- 3 |  4- 6 |  7- 9 || total
-------------------------+-------+-------+-------++-------
Melee: Unarmed           |    88 |   158 |   250 ||   496
       Headbutt          |     7 |     3 |     4 ||    14
       Kick              |     5 |     8 |    13 ||    26
       Punch             |       |     1 |     2 ||     3
 Cast: Beastly Appendage |    17 |    13 |    10 ||    40
       Sticks to Snakes  |     2 |       |       ||     2
       Spider Form       |       |    13 |    35 ||    48
  Use: Scroll            |       |     3 |     3 ||     6
  Eat: Chunk             |     2 |     7 |    10 ||    19
       Ration            |       |       |     2 ||     2
Armor: Robe              |    21 |    14 |     5 ||    40
       Skin              |       |     6 |    22 ||    28
Dodge: Dodged            |    53 |   109 |   205 ||   367

Table legend:
 A = Non-vault XP
 B = Vault XP
 C = Vault XP percentage of total XP
 D = Non-vault monster count
 E = Vault monster count
 F = Vault count percentage of total count
                 A         B        C        D         E       F
            +---------+---------+-------+---------+---------+-------
      Total |    1777 |     491 |  21.6 |     118 |      18 |  13.2
            +---------+---------+-------+---------+---------+-------
        D:1 |      46 |       0 |   0.0 |      24 |       0 |   0.0
        D:2 |     120 |     271 |  69.3 |      24 |       3 |  11.1
        D:3 |     103 |       2 |   1.9 |      24 |       1 |   4.0
        D:4 |     334 |     211 |  38.7 |      16 |      11 |  40.7
        D:5 |     462 |       0 |   0.0 |      13 |       0 |   0.0
        D:6 |     248 |       7 |   2.7 |       9 |       3 |  25.0
        D:7 |     464 |       0 |   0.0 |       8 |       0 |   0.0
            +---------+---------+-------+---------+---------+-------
